Senators vs Little Stars
Created - 26 mars 2016 at 19:54
Goals
|
| Senators |
1 |
1 |
1 |
3 |
| Little Stars |
4 |
1 |
3 |
8 |
|
Shots
|
| Senators |
18 |
8 |
8 |
34 |
| Little Stars |
11 |
13 |
16 |
40 |
|
1st period
1. Little Stars , Marcus Johansson 20 (Hugh Jessiman, Justin Faulk) at 5:02
2. Senators , Matt Frattin 13 (Erik Karlsson, Cody Hodgson) at 5:54
3. Little Stars , Sean Avery 41 (Anthony Stewart, Jared Spurgeon) at 10:45
4. Little Stars , Jesse Joensuu 20 (Alex Chiasson, Danny DeKeiser) at 14:19
5. Little Stars , Marcus Kruger 36 (Justin Faulk, Sean Avery) at 18:42
Penalties :
Jesse Joensuu (Tex) for Hooking (Minor) at 8:35, Dylan Hunter (BIN) for Hooking (Minor) at 11:03
2nd period
6. Little Stars , Marcus Johansson 21 (Cody Bass, Hugh Jessiman) at 8:17
7. Senators , Sergei Kostitsyn 48 (Stanislav Chistov, Vernon Fiddler) at 17:59
Penalties :
Shane Sims (BIN) for Goalie Interference (Minor) at 2:36, Conor Allen (Tex) for High sticking (Minor) at 19:11
3rd period
8. Senators , Steven Goertzen 33 (Shane Sims, Brett Sterling) at 0:34 (PP)
9. Little Stars , Erik Haula 10 (Jesse Joensuu, Danny DeKeiser) at 8:24
10. Little Stars , Justin Faulk 3 (Hugh Jessiman, Marcus Johansson) at 11:01 (PP)
11. Little Stars , Marcus Kruger 37 (Sean Avery, Anthony Stewart) at 12:01 (PP)
Penalties :
Mark Olver (BIN) for Tripping (Minor) at 9:11, Logan Stephenson (BIN) for Hooking (Minor) at 11:49, Danny DeKeiser (Tex) for Roughing (Minor) at 13:07, Justin Faulk (Tex) for Tripping (Minor) at 15:49
Goalie Stats
Alexander Salak (BIN), 25 saves from 29 shots - (0,862), 41:18 minutes
Jonas Gustavsson (BIN), 7 saves from 11 shots - (0,636), L, 35-18-3, 18:42 minutes
Erik Ersberg (Tex), 31 saves from 34 shots - (0,912), W, 3-1-0, 60:00 minutes
Players Stats for Senators
Player Name G A P +/- PIM S H SB GA TA FO MP PP MP PK MP
------------------------------------------------------------------------------------
Brett Sterling 0 1 1 -1 0 3 5 3 0 1 0/2 19:16 4:39 1:13
Cody Hodgson 0 1 1 0 0 2 0 0 0 1 8/19 18:37 4:39 1:39
Dylan Hunter 0 0 0 -2 2 1 0 0 0 0 1/1 11:40 0:00 0:00
Erik Karlsson 0 1 1 0 0 5 2 0 3 0 0/0 28:56 5:32 3:06
Jack Skille 0 0 0 -1 0 1 1 0 1 0 0/0 10:36 0:00 0:00
Johan Larsson 0 0 0 0 0 0 0 1 0 0 1/1 7:22 0:00 0:00
Logan Stephenson 0 0 0 -4 2 1 3 2 3 1 0/0 20:13 1:48 2:54
Mark Olver 0 0 0 -1 2 1 2 0 0 0 0/4 10:35 0:00 0:00
Martin Marincin 0 0 0 0 0 0 0 0 0 0 0/0 11:31 0:00 0:41
Matt Frattin 1 0 1 -1 0 3 2 0 0 0 0/0 9:21 0:00 1:02
Milan Jurcina 0 0 0 0 0 1 2 3 1 2 0/0 28:56 5:32 3:06
Nick Bjugstad 0 0 0 0 0 0 0 0 0 0 2/4 7:13 0:00 0:11
Patrick Wey 0 0 0 0 0 0 0 0 0 0 0/0 11:51 0:00 0:27
Sergei Kostitsyn 1 0 1 -2 0 4 0 0 0 0 0/0 19:50 2:41 1:39
Shane Sims 0 1 1 -4 2 1 2 4 0 1 0/0 18:35 1:48 1:46
Stanislav Chistov 0 1 1 -2 0 1 3 0 1 0 1/3 21:15 2:41 3:08
Steven Goertzen 1 0 1 0 0 6 0 0 0 0 0/0 16:54 4:39 0:00
Vernon Fiddler 0 1 1 -2 0 4 1 0 0 0 20/33 21:15 2:41 3:08
Players Stats for Little Stars
Player Name G A P +/- PIM S H SB GA TA FO MP PP MP PK MP
------------------------------------------------------------------------------------
Alex Chiasson 0 1 1 1 0 2 2 1 2 0 0/2 12:10 0:07 0:00
Alexander Vasyunov 0 0 0 0 0 0 0 0 0 0 0/0 0:31 0:11 0:00
Andrej Nestrasil 0 0 0 0 0 0 0 0 0 0 0/0 0:00 0:00 0:00
Anthony Stewart 0 2 2 2 0 1 1 1 1 1 0/0 22:00 3:09 4:23
Cody Bass 0 1 1 2 0 2 2 0 0 0 9/13 15:11 2:44 0:00
Connor Brickley 0 0 0 0 0 0 0 0 0 0 0/0 0:00 0:00 0:00
Conor Allen 0 0 0 0 2 0 0 1 0 0 0/0 13:39 0:00 1:10
Dana Tyrell 0 0 0 -1 0 0 0 0 0 0 1/1 7:31 0:00 0:00
Danny DeKeiser 0 2 2 4 2 0 0 1 0 2 0/0 19:14 2:59 1:57
Erik Haula 1 0 1 1 0 2 0 0 0 0 3/8 12:23 0:00 0:20
Hugh Jessiman 0 3 3 2 0 2 2 0 1 0 0/0 17:18 2:44 1:56
Jamie McGinn 0 0 0 0 0 0 0 0 0 0 0/0 1:27 0:00 1:15
Jared Spurgeon 0 1 1 0 0 1 0 0 0 1 0/0 27:29 3:01 4:26
Jesse Joensuu 1 1 2 2 2 4 2 1 0 0 0/0 12:13 0:00 0:00
Justin Faulk 1 2 3 4 2 4 0 0 0 0 0/0 19:49 2:59 1:48
Landon Ferraro 0 0 0 0 0 0 0 0 0 0 0/0 0:07 0:07 0:00
Marcus Johansson 2 1 3 2 0 8 1 1 1 0 0/0 16:00 2:44 0:49
Marcus Kruger 2 0 2 1 0 7 1 2 0 1 17/32 19:00 3:08 1:56
Oscar Lindberg 0 0 0 0 0 0 0 0 0 0 0/0 0:00 0:00 0:00
Petter Granberg 0 0 0 0 0 0 4 1 0 1 0/0 12:40 0:00 0:53
Raphael Diaz 0 0 0 0 0 2 4 0 0 3 0/0 27:29 3:01 4:26
Robert Klinkhammer 0 0 0 -1 0 0 1 0 0 0 0/0 7:31 0:00 0:00
Sean Avery 1 2 3 2 0 5 5 3 1 0 4/11 21:23 3:06 4:01
Tom Kuhnhackl 0 0 0 -1 0 0 1 0 0 0 0/0 7:31 0:00 0:00
3 Stars
1 - Sean Avery (Tex)
2 - Marcus Johansson (Tex)
3 - Justin Faulk (Tex)
Power Play
Senators - 1 on 4 Attempt(s) - 25,00%
Little Stars - 2 on 4 Attempt(s) - 50,00%
Penalty Kill
Senators - 2 on 4 Attempt(s) - 50,00%
- Score 0 goal in Penalty Kill
Little Stars - 3 on 4 Attempt(s) - 75,00%
- Score 0 goal in Penalty Kill
Team Stat
Senators - Hits : 23 - Faceoff Wins : 33 - Blocked Shots : 13 - Penalty Minutes : 8
Little Stars - Hits : 26 - Faceoff Wins : 34 - Blocked Shots : 12 - Penalty Minutes : 8
Official
Referees : O'Rourke Dan and Rooney Chris
Linesman : Scott Driscoll and Darren Gibbs
Game Notes
Alexander Salak enters game at 18:42 of 1st period
Finance
Level 1 -- Attendance: 1340 (67,00%) -- Ticket Income 46 900 $
Level 2 -- Attendance: 692 (69,20%) -- Ticket Income 10 380 $
Total Attendance: 2032 (67,73%)
Total Ticket Income: 57 280 $
Other Income: 2 864 $
Total Income: 60 144 $
Senators
5 vs 5 Forward
Center Left Wing Right Wing Time % Phy DF OF
1 Vernon Fiddler Sergei Kostitsyn Stanislav Chistov 38 1 2 2
2 Cody Hodgson Brett Sterling Steven Goertzen 29 1 2 2
3 Mark Olver Dylan Hunter Jack Skille 20 1 2 2
4 Nick Bjugstad Johan Larsson Matt Frattin 13 1 2 2
5 vs 5 Defense
Defense Defense Time % Phy DF OF
1 Milan Jurcina Erik Karlsson 40 1 2 2
2 Logan Stephenson Shane Sims 30 1 2 2
3 Patrick Wey Martin Marincin 20 1 2 2
4 Milan Jurcina Erik Karlsson 10 1 2 2
PowerPlay Forward
Center Left Wing Right Wing Time % Phy DF OF
1 Vernon Fiddler Sergei Kostitsyn Stanislav Chistov 60 0 2 3
2 Cody Hodgson Brett Sterling Steven Goertzen 40 0 2 3
PowerPlay Defense
Defense Defense Time % Phy DF OF
1 Milan Jurcina Erik Karlsson 60 1 2 2
2 Logan Stephenson Shane Sims 40 1 2 2
Penalty Kill 4 Players Forward
Center Wing Time % Phy DF OF
1 Vernon Fiddler Stanislav Chistov 60 0 3 2
2 Sergei Kostitsyn Cody Hodgson 40 0 3 2
Penalty Kill 4 Players Defense
Defense Defense Time % Phy DF OF
1 Milan Jurcina Erik Karlsson 60 1 2 2
2 Logan Stephenson Shane Sims 40 1 2 2
Penalty Kill - 3 Players Forward
Forward Time % Phy DF OF
1 Vernon Fiddler 60 0 3 2
2 Stanislav Chistov 40 0 3 2
Penalty Kill - 3 Players Defense
Defense Defense Time % Phy DF OF
1 Milan Jurcina Erik Karlsson 60 1 2 2
2 Logan Stephenson Shane Sims 40 1 2 2
4 vs 4 Forward
Center Wing Time % Phy DF OF
1 Vernon Fiddler Stanislav Chistov 60 1 2 2
2 Sergei Kostitsyn Cody Hodgson 40 1 2 2
4 vs 4 Defense
Defense Defense Time % Phy DF OF
1 Milan Jurcina Erik Karlsson 60 1 2 2
2 Logan Stephenson Shane Sims 40 1 2 2
Last Minutes Offensive
Center Left Wing Right Wing Defense Defense
Vernon Fiddler Sergei Kostitsyn Stanislav Chistov Milan Jurcina Erik Karlsson
Last Minutes Defensive
Center Left Wing Right Wing Defense Defense
Vernon Fiddler Sergei Kostitsyn Stanislav Chistov Milan Jurcina Erik Karlsson
Goaltenders
Starting : Jonas Gustavsson
Backup : Alexander Salak
Extra Forwards
Normal : Jack Skille, Mark Olver, Matt Frattin - PP : Jack Skille, Mark Olver - PK : Matt Frattin
Extra Defensemen
Normal : Patrick Wey, Martin Marincin, Logan Stephenson - PP : Patrick Wey - PK : Martin Marincin, Logan Stephenson
Penalty Shots
Vernon Fiddler, Stanislav Chistov, Sergei Kostitsyn, Cody Hodgson, Steven Goertzen
Little Stars
5 vs 5 Forward
Center Left Wing Right Wing Time % Phy DF OF
1 Marcus Kruger Sean Avery Anthony Stewart 40 1 2 2
2 Cody Bass Marcus Johansson Hugh Jessiman 30 1 2 2
3 Erik Haula Jesse Joensuu Alex Chiasson 20 1 2 2
4 Dana Tyrell Robert Klinkhammer Tom Kuhnhackl 10 1 2 2
5 vs 5 Defense
Defense Defense Time % Phy DF OF
1 Raphael Diaz Jared Spurgeon 40 1 2 2
2 Danny DeKeiser Justin Faulk 30 1 2 2
3 Petter Granberg Conor Allen 20 1 2 2
4 Raphael Diaz Jared Spurgeon 10 1 2 2
PowerPlay Forward
Center Left Wing Right Wing Time % Phy DF OF
1 Marcus Kruger Sean Avery Anthony Stewart 60 1 2 2
2 Cody Bass Marcus Johansson Hugh Jessiman 40 1 2 2
PowerPlay Defense
Defense Defense Time % Phy DF OF
1 Raphael Diaz Jared Spurgeon 60 1 2 2
2 Danny DeKeiser Justin Faulk 40 1 2 2
Penalty Kill 4 Players Forward
Center Wing Time % Phy DF OF
1 Sean Avery Anthony Stewart 60 1 2 2
2 Marcus Kruger Hugh Jessiman 40 1 2 2
Penalty Kill 4 Players Defense
Defense Defense Time % Phy DF OF
1 Raphael Diaz Jared Spurgeon 60 1 2 2
2 Danny DeKeiser Justin Faulk 40 1 2 2
Penalty Kill - 3 Players Forward
Forward Time % Phy DF OF
1 Sean Avery 60 1 2 2
2 Anthony Stewart 40 1 2 2
Penalty Kill - 3 Players Defense
Defense Defense Time % Phy DF OF
1 Raphael Diaz Jared Spurgeon 60 1 2 2
2 Danny DeKeiser Justin Faulk 40 1 2 2
4 vs 4 Forward
Center Wing Time % Phy DF OF
1 Sean Avery Anthony Stewart 60 1 2 2
2 Marcus Kruger Hugh Jessiman 40 1 2 2
4 vs 4 Defense
Defense Defense Time % Phy DF OF
1 Raphael Diaz Jared Spurgeon 60 1 2 2
2 Danny DeKeiser Justin Faulk 40 1 2 2
Last Minutes Offensive
Center Left Wing Right Wing Defense Defense
Marcus Kruger Sean Avery Anthony Stewart Raphael Diaz Jared Spurgeon
Last Minutes Defensive
Center Left Wing Right Wing Defense Defense
Marcus Kruger Sean Avery Anthony Stewart Raphael Diaz Jared Spurgeon
Goaltenders
Starting : Erik Ersberg
Backup : Peter Budaj
Extra Forwards
Normal : Alexander Vasyunov, Landon Ferraro, Jamie McGinn - PP : Alexander Vasyunov, Landon Ferraro - PK : Jamie McGinn
Extra Defensemen
Normal : Petter Granberg, Conor Allen, Danny DeKeiser - PP : Petter Granberg - PK : Conor Allen, Danny DeKeiser
Penalty Shots
Sean Avery, Anthony Stewart, Marcus Kruger, Hugh Jessiman, Alex Chiasson
% Time on Ice - Senators
Lines # - Real PCT - Wanted PCT - Time Play
Normal Forward
1 - 36% - 38% - 16:43
2 - 26% - 29% - 12:19
3 - 23% - 20% - 10:36
4 - 15% - 13% - 7:02
Normal Defense
1 - 38% - 40% - 17:42
2 - 33% - 30% - 15:32
3 - 23% - 20% - 10:50
4 - 6% - 10% - 2:36
PP Forward
1 - 37% - 60% - 2:41
2 - 63% - 40% - 4:39
PP Defense
1 - 75% - 60% - 5:32
2 - 25% - 40% - 1:48
PK Forward
1 - 73% - 60% - 4:21
2 - 28% - 40% - 1:39
PK Defense
1 - 52% - 60% - 3:06
2 - 48% - 40% - 2:54
PK3 Forward
1 - 0% - 60%
2 - 0% - 40%
PK3 Defense
1 - 0% - 60%
2 - 0% - 40%
44 Forward
1 - 0% - 60%
2 - 0% - 40%
44 Defense
1 - 0% - 60%
2 - 0% - 40%
Last Minute Offensive - 0:00
Last Minute Defensive - 0:00
Total
Forward - 60:00
Defense - 60:00
|
% Time on Ice - Little Stars
Lines # - Real PCT - Wanted PCT - Time Play
Normal Forward
1 - 31% - 40% - 14:28
2 - 27% - 30% - 12:38
3 - 26% - 20% - 12:03
4 - 16% - 10% - 7:31
Normal Defense
1 - 40% - 40% - 18:45
2 - 32% - 30% - 14:51
3 - 25% - 20% - 11:47
4 - 3% - 10% - 1:17
PP Forward
1 - 54% - 60% - 3:16
2 - 46% - 40% - 2:44
PP Defense
1 - 50% - 60% - 3:01
2 - 50% - 40% - 2:59
PK Forward
1 - 74% - 60% - 5:24
2 - 26% - 40% - 1:56
PK Defense
1 - 60% - 60% - 4:26
2 - 40% - 40% - 2:54
PK3 Forward
1 - 0% - 60%
2 - 0% - 40%
PK3 Defense
1 - 0% - 60%
2 - 0% - 40%
44 Forward
1 - 0% - 60%
2 - 0% - 40%
44 Defense
1 - 0% - 60%
2 - 0% - 40%
Last Minute Offensive - 0:00
Last Minute Defensive - 0:00
Total
Forward - 60:00
Defense - 60:00
|
Play by Play
1st period
0:01 of 1st period - Vernon Fiddler wins face-off versus Marcus Kruger in neutral zone.
0:10 of 1st period - Wrist shot by Sean Avery.
0:10 of 1st period - Stopped by Jonas Gustavsson with a rebound.
0:26 of 1st period - Cody Bass is hit by Erik Karlsson and loses puck.
0:32 of 1st period - Off-side.
0:33 of 1st period - Cody Hodgson wins face-off versus Erik Haula in neutral zone.
0:44 of 1st period - Wrist shot by Steven Goertzen.
0:44 of 1st period - Stopped by Erik Ersberg with a rebound.
1:06 of 1st period - Wrist shot by Steven Goertzen.
1:06 of 1st period - Stopped by Erik Ersberg without a rebound.
1:07 of 1st period - Dylan Hunter wins face-off versus Cody Bass in Little Stars zone.
1:10 of 1st period - Slapshot by Jack Skille.
1:10 of 1st period - Shot Blocked by Marcus Johansson.
1:39 of 1st period - Wrist shot by Matt Frattin.
1:39 of 1st period - Shot Misses the Net.
1:41 of 1st period - Snap shot by Matt Frattin.
1:41 of 1st period - Shot Misses the Net.
2:13 of 1st period - Off-side.
2:14 of 1st period - Dana Tyrell wins face-off versus Cody Hodgson in neutral zone.
2:22 of 1st period - Icing by Steven Goertzen.
2:23 of 1st period - Marcus Kruger wins face-off versus Cody Hodgson in Senators zone.
2:24 of 1st period - Wrist shot by Sean Avery.
2:24 of 1st period - Stopped by Jonas Gustavsson without a rebound.
2:25 of 1st period - Marcus Kruger wins face-off versus Vernon Fiddler in Senators zone.
2:40 of 1st period - Snap shot by Stanislav Chistov.
2:40 of 1st period - Shot Misses the Net.
2:52 of 1st period - Milan Jurcina is hit by Raphael Diaz and loses puck.
3:17 of 1st period - Slapshot by Logan Stephenson.
3:17 of 1st period - Stopped by Erik Ersberg without a rebound.
3:18 of 1st period - Marcus Kruger wins face-off versus Nick Bjugstad in Little Stars zone.
3:27 of 1st period - Slapshot by Anthony Stewart.
3:27 of 1st period - Stopped by Jonas Gustavsson without a rebound.
3:28 of 1st period - Marcus Kruger wins face-off versus Vernon Fiddler in Senators zone.
3:33 of 1st period - Wrist shot by Sean Avery.
3:33 of 1st period - Stopped by Jonas Gustavsson with a rebound.
3:35 of 1st period - Slapshot by Marcus Kruger.
3:35 of 1st period - Stopped by Jonas Gustavsson without a rebound.
3:36 of 1st period - Cody Bass wins face-off versus Vernon Fiddler in Senators zone.
3:49 of 1st period - Hugh Jessiman is hit by Stanislav Chistov.
4:12 of 1st period - Snap shot by Sean Avery.
4:12 of 1st period - Deflect By Marcus Kruger.
4:12 of 1st period - Stopped by Jonas Gustavsson without a rebound.
4:13 of 1st period - Vernon Fiddler wins face-off versus Alex Chiasson in Senators zone.
4:13 of 1st period - Vernon Fiddler is hit by Jesse Joensuu.
4:23 of 1st period - Wrist shot by Vernon Fiddler.
4:23 of 1st period - Stopped by Erik Ersberg with a rebound.
4:25 of 1st period - Snap shot by Sergei Kostitsyn.
4:25 of 1st period - Stopped by Erik Ersberg with a rebound.
4:27 of 1st period - Wrist shot by Sergei Kostitsyn.
4:27 of 1st period - Shot Misses the Net.
4:29 of 1st period - Slapshot by Martin Marincin.
4:29 of 1st period - Deflect By Stanislav Chistov.
4:29 of 1st period - Shot Blocked by Alex Chiasson.
4:29 of 1st period - Puck is out of play.
4:30 of 1st period - Cody Bass wins face-off versus Mark Olver in Little Stars zone.
4:38 of 1st period - Off-side.
4:39 of 1st period - Cody Bass wins face-off versus Mark Olver in neutral zone.
4:53 of 1st period - Shane Sims is hit by Marcus Johansson and loses puck.
5:02 of 1st period - Wrist shot by Marcus Johansson.
5:02 of 1st period - Goal by Marcus Johansson - Senators : 0 - Little Stars : 1.
5:03 of 1st period - Marcus Kruger wins face-off versus Stanislav Chistov in neutral zone.
5:28 of 1st period - Steven Goertzen is hit by Tom Kuhnhackl and loses puck.
5:54 of 1st period - Slapshot by Matt Frattin.
5:54 of 1st period - Goal by Matt Frattin - Senators : 1 - Little Stars : 1.
5:55 of 1st period - Vernon Fiddler wins face-off versus Sean Avery in neutral zone.
6:38 of 1st period - Off-side.
6:39 of 1st period - Johan Larsson wins face-off versus Erik Haula in neutral zone.
6:54 of 1st period - Wrist shot by Matt Frattin.
6:54 of 1st period - Stopped by Erik Ersberg without a rebound.
6:55 of 1st period - Marcus Kruger wins face-off versus Vernon Fiddler in Little Stars zone.
7:29 of 1st period - Snap shot by Dylan Hunter.
7:29 of 1st period - Shot Misses the Net.
8:05 of 1st period - Wrist shot by Stanislav Chistov.
8:05 of 1st period - Stopped by Erik Ersberg without a rebound.
8:06 of 1st period - Erik Haula wins face-off versus Vernon Fiddler in Little Stars zone.
8:15 of 1st period - Slapshot by Sergei Kostitsyn.
8:15 of 1st period - Shot Misses the Net.
8:23 of 1st period - Jesse Joensuu is hit by Shane Sims and loses puck.
8:35 of 1st period - Minor Penalty to Jesse Joensuu for Hooking.
8:36 of 1st period - Sean Avery wins face-off versus Brett Sterling in Little Stars zone.
9:09 of 1st period - Wrist shot by Brett Sterling.
9:09 of 1st period - Stopped by Erik Ersberg with a rebound.
9:11 of 1st period - Snap shot by Erik Karlsson.
9:11 of 1st period - Shot Misses the Net.
9:13 of 1st period - Slapshot by Erik Karlsson.
9:13 of 1st period - Shot Blocked by Sean Avery.
9:15 of 1st period - Wrist shot by Steven Goertzen.
9:15 of 1st period - Shot Misses the Net.
9:59 of 1st period - Snap shot by Steven Goertzen.
9:59 of 1st period - Stopped by Erik Ersberg with a rebound.
10:01 of 1st period - Slapshot by Erik Karlsson.
10:01 of 1st period - Shot Blocked by Danny DeKeiser.
10:03 of 1st period - Snap shot by Steven Goertzen.
10:03 of 1st period - Stopped by Erik Ersberg without a rebound.
10:04 of 1st period - Marcus Kruger wins face-off versus Vernon Fiddler in Little Stars zone.
10:35 of 1st period - Penalty to Jesse Joensuu is over, Jesse Joensuu is back on ice.
10:45 of 1st period - Snap shot by Sean Avery.
10:45 of 1st period - Goal by Sean Avery - Senators : 1 - Little Stars : 2.
10:46 of 1st period - Cody Bass wins face-off versus Mark Olver in neutral zone.
11:03 of 1st period - Minor Penalty to Dylan Hunter for Hooking.
11:04 of 1st period - Vernon Fiddler wins face-off versus Marcus Kruger in Senators zone.
12:06 of 1st period - Justin Faulk is hit by Brett Sterling and loses puck.
12:11 of 1st period - Slapshot by Erik Karlsson.
12:11 of 1st period - Stopped by Erik Ersberg with a rebound.
13:03 of 1st period - Penalty to Dylan Hunter is over, Dylan Hunter is back on ice.
13:11 of 1st period - Snap shot by Brett Sterling.
13:11 of 1st period - Stopped by Erik Ersberg with a rebound.
13:15 of 1st period - Slapshot by Erik Karlsson.
13:15 of 1st period - Deflect By Dylan Hunter.
13:15 of 1st period - Stopped by Erik Ersberg with a rebound.
13:45 of 1st period - Snap shot by Erik Karlsson.
13:45 of 1st period - Shot Blocked by Jesse Joensuu.
13:47 of 1st period - Slapshot by Erik Karlsson.
13:47 of 1st period - Stopped by Erik Ersberg with a rebound.
13:57 of 1st period - Snap shot by Alex Chiasson.
13:57 of 1st period - Shot Blocked by Milan Jurcina.
14:03 of 1st period - Slapshot by Erik Karlsson.
14:03 of 1st period - Stopped by Erik Ersberg with a rebound.
14:19 of 1st period - Snap shot by Jesse Joensuu.
14:19 of 1st period - Goal by Jesse Joensuu - Senators : 1 - Little Stars : 3.
14:20 of 1st period - Cody Bass wins face-off versus Vernon Fiddler in neutral zone.
14:47 of 1st period - Shane Sims is hit by Sean Avery and loses puck.
15:14 of 1st period - Vernon Fiddler is hit by Petter Granberg and loses puck.
15:48 of 1st period - Milan Jurcina is hit by Petter Granberg.
16:00 of 1st period - Vernon Fiddler is hit by Petter Granberg and loses puck.
16:44 of 1st period - Marcus Kruger is hit by Logan Stephenson.
16:56 of 1st period - Sergei Kostitsyn is hit by Hugh Jessiman and loses puck.
17:09 of 1st period - Hugh Jessiman is hit by Jack Skille.
17:54 of 1st period - Slapshot by Erik Karlsson.
17:54 of 1st period - Deflect By Raphael Diaz.
17:54 of 1st period - Stopped by Erik Ersberg with a rebound.
17:56 of 1st period - Wrist shot by Jack Skille.
17:56 of 1st period - Deflect By Mark Olver.
17:56 of 1st period - Stopped by Erik Ersberg with a rebound.
18:22 of 1st period - Off-side.
18:23 of 1st period - Cody Bass wins face-off versus Cody Hodgson in neutral zone.
18:36 of 1st period - Slapshot by Marcus Johansson.
18:36 of 1st period - Stopped by Jonas Gustavsson without a rebound.
18:37 of 1st period - Sean Avery wins face-off versus Stanislav Chistov in Senators zone.
18:38 of 1st period - Wrist shot by Marcus Kruger.
18:38 of 1st period - Shot Misses the Net.
18:40 of 1st period - Snap shot by Justin Faulk.
18:40 of 1st period - Shot Blocked by Shane Sims.
18:42 of 1st period - Slapshot by Marcus Kruger.
18:42 of 1st period - Goal by Marcus Kruger - Senators : 1 - Little Stars : 4.
18:42 of 1st period - Alexander Salak enters game.
18:43 of 1st period - Cody Hodgson wins face-off versus Marcus Kruger in neutral zone.
19:09 of 1st period - Hugh Jessiman is hit by Vernon Fiddler and loses puck.
Goals for this period are 1 for Senators vs 4 for Little Stars.
Shots for this period are 18 for Senators vs 11 for Little Stars.
2nd period
0:01 of 2nd period - Cody Hodgson wins face-off versus Marcus Kruger in neutral zone.
0:06 of 2nd period - Wrist shot by Steven Goertzen.
0:06 of 2nd period - Shot Blocked by Marcus Kruger.
0:08 of 2nd period - Snap shot by Steven Goertzen.
0:08 of 2nd period - Deflect By Cody Hodgson.
0:08 of 2nd period - Stopped by Erik Ersberg without a rebound.
0:09 of 2nd period - Cody Hodgson wins face-off versus Marcus Kruger in Little Stars zone.
0:10 of 2nd period - Snap shot by Steven Goertzen.
0:10 of 2nd period - Stopped by Erik Ersberg without a rebound.
0:11 of 2nd period - Marcus Kruger wins face-off versus Cody Hodgson in Little Stars zone.
0:41 of 2nd period - Snap shot by Vernon Fiddler.
0:41 of 2nd period - Stopped by Erik Ersberg without a rebound.
0:42 of 2nd period - Vernon Fiddler wins face-off versus Cody Bass in Little Stars zone.
0:55 of 2nd period - Wrist shot by Sergei Kostitsyn.
0:55 of 2nd period - Stopped by Erik Ersberg without a rebound.
0:56 of 2nd period - Marcus Kruger wins face-off versus Cody Hodgson in Little Stars zone.
0:56 of 2nd period - Marcus Kruger is hit by Brett Sterling.
1:08 of 2nd period - Milan Jurcina is hit by Sean Avery and loses puck.
1:27 of 2nd period - Snap shot by Stanislav Chistov.
1:27 of 2nd period - Shot Misses the Net.
1:45 of 2nd period - Snap shot by Jesse Joensuu.
1:45 of 2nd period - Stopped by Alexander Salak without a rebound.
1:46 of 2nd period - Erik Haula wins face-off versus Mark Olver in Senators zone.
1:49 of 2nd period - Snap shot by Justin Faulk.
1:49 of 2nd period - Stopped by Alexander Salak with a rebound.
1:51 of 2nd period - Snap shot by Justin Faulk.
1:51 of 2nd period - Shot Blocked by Logan Stephenson.
1:53 of 2nd period - Slapshot by Justin Faulk.
1:53 of 2nd period - Shot Blocked by Shane Sims.
2:01 of 2nd period - Slapshot by Justin Faulk.
2:01 of 2nd period - Shot Misses the Net.
2:03 of 2nd period - Slapshot by Justin Faulk.
2:03 of 2nd period - Shot Misses the Net.
2:05 of 2nd period - Snap shot by Danny DeKeiser.
2:05 of 2nd period - Shot Misses the Net.
2:07 of 2nd period - Slapshot by Danny DeKeiser.
2:07 of 2nd period - Shot Misses the Net.
2:09 of 2nd period - Slapshot by Jesse Joensuu.
2:09 of 2nd period - Shot Misses the Net.
2:36 of 2nd period - Minor Penalty to Shane Sims for Goalie Interference.
2:37 of 2nd period - Vernon Fiddler wins face-off versus Sean Avery in Senators zone.
3:03 of 2nd period - Erik Karlsson is hit by Raphael Diaz and loses puck.
4:08 of 2nd period - Jared Spurgeon is hit by Brett Sterling.
4:32 of 2nd period - Cody Hodgson is hit by Marcus Kruger and loses puck.
4:36 of 2nd period - Penalty to Shane Sims is over, Shane Sims is back on ice.
4:51 of 2nd period - Slapshot by Justin Faulk.
4:51 of 2nd period - Stopped by Alexander Salak with a rebound.
5:09 of 2nd period - Snap shot by Matt Frattin.
5:09 of 2nd period - Stopped by Erik Ersberg without a rebound.
5:10 of 2nd period - Nick Bjugstad wins face-off versus Erik Haula in Little Stars zone.
5:21 of 2nd period - Snap shot by Alex Chiasson.
5:21 of 2nd period - Shot Misses the Net.
5:23 of 2nd period - Wrist shot by Erik Haula.
5:23 of 2nd period - Shot Blocked by Johan Larsson.
5:25 of 2nd period - Wrist shot by Erik Haula.
5:25 of 2nd period - Shot Misses the Net.
5:38 of 2nd period - Off-side.
5:39 of 2nd period - Cody Bass wins face-off versus Brett Sterling in neutral zone.
5:42 of 2nd period - Snap shot by Raphael Diaz.
5:42 of 2nd period - Stopped by Alexander Salak with a rebound.
5:44 of 2nd period - Snap shot by Marcus Johansson.
5:44 of 2nd period - Shot Blocked by Brett Sterling.
5:46 of 2nd period - Snap shot by Marcus Johansson.
5:46 of 2nd period - Stopped by Alexander Salak without a rebound.
5:47 of 2nd period - Sean Avery wins face-off versus Cody Hodgson in Senators zone.
6:23 of 2nd period - Wrist shot by Stanislav Chistov.
6:23 of 2nd period - Shot Misses the Net.
7:04 of 2nd period - Erik Karlsson is hit by Sean Avery and loses puck.
7:48 of 2nd period - Snap shot by Marcus Johansson.
7:48 of 2nd period - Stopped by Alexander Salak without a rebound.
7:49 of 2nd period - Nick Bjugstad wins face-off versus Cody Bass in Senators zone.
7:49 of 2nd period - Nick Bjugstad is hit by Petter Granberg.
8:07 of 2nd period - Snap shot by Cody Bass.
8:07 of 2nd period - Stopped by Alexander Salak with a rebound.
8:15 of 2nd period - Snap shot by Cody Bass.
8:15 of 2nd period - Shot Misses the Net.
8:17 of 2nd period - Wrist shot by Marcus Johansson.
8:17 of 2nd period - Goal by Marcus Johansson - Senators : 1 - Little Stars : 5.
8:18 of 2nd period - Marcus Kruger wins face-off versus Cody Hodgson in neutral zone.
8:34 of 2nd period - Sean Avery is hit by Brett Sterling and loses puck.
8:47 of 2nd period - Slapshot by Raphael Diaz.
8:47 of 2nd period - Shot Blocked by Milan Jurcina.
8:49 of 2nd period - Slapshot by Jared Spurgeon.
8:49 of 2nd period - Stopped by Alexander Salak with a rebound.
9:03 of 2nd period - Marcus Johansson is hit by Mark Olver and loses puck.
9:28 of 2nd period - Snap shot by Hugh Jessiman.
9:28 of 2nd period - Stopped by Alexander Salak without a rebound.
9:29 of 2nd period - Cody Hodgson wins face-off versus Sean Avery in Senators zone.
9:44 of 2nd period - Wrist shot by Cody Hodgson.
9:44 of 2nd period - Stopped by Erik Ersberg without a rebound.
9:45 of 2nd period - Marcus Kruger wins face-off versus Vernon Fiddler in Little Stars zone.
10:10 of 2nd period - Erik Haula is hit by Logan Stephenson.
10:11 of 2nd period - Icing by Erik Haula.
10:12 of 2nd period - Cody Hodgson wins face-off versus Erik Haula in Little Stars zone.
10:21 of 2nd period - Snap shot by Alex Chiasson.
10:21 of 2nd period - Shot Blocked by Milan Jurcina.
10:23 of 2nd period - Slapshot by Erik Haula.
10:23 of 2nd period - Shot Misses the Net.
10:25 of 2nd period - Wrist shot by Erik Haula.
10:25 of 2nd period - Shot Blocked by Brett Sterling.
10:27 of 2nd period - Slapshot by Justin Faulk.
10:27 of 2nd period - Stopped by Alexander Salak without a rebound.
10:28 of 2nd period - Vernon Fiddler wins face-off versus Marcus Kruger in Senators zone.
10:55 of 2nd period - Marcus Kruger is hit by Mark Olver and loses puck.
11:02 of 2nd period - Milan Jurcina is hit by Sean Avery.
11:10 of 2nd period - Marcus Kruger is hit by Milan Jurcina and loses puck.
11:59 of 2nd period - Off-side.
12:00 of 2nd period - Vernon Fiddler wins face-off versus Alex Chiasson in neutral zone.
12:29 of 2nd period - Snap shot by Cody Bass.
12:29 of 2nd period - Shot Misses the Net.
13:29 of 2nd period - Wrist shot by Milan Jurcina.
13:29 of 2nd period - Stopped by Erik Ersberg without a rebound.
13:30 of 2nd period - Vernon Fiddler wins face-off versus Marcus Kruger in Little Stars zone.
15:05 of 2nd period - Slapshot by Vernon Fiddler.
15:05 of 2nd period - Shot Blocked by Marcus Kruger.
15:07 of 2nd period - Wrist shot by Stanislav Chistov.
15:07 of 2nd period - Shot Blocked by Petter Granberg.
15:37 of 2nd period - Logan Stephenson is hit by Cody Bass.
15:45 of 2nd period - Slapshot by Hugh Jessiman.
15:45 of 2nd period - Stopped by Alexander Salak without a rebound.
15:46 of 2nd period - Vernon Fiddler wins face-off versus Cody Bass in Senators zone.
16:01 of 2nd period - Wrist shot by Cody Bass.
16:01 of 2nd period - Stopped by Alexander Salak with a rebound.
16:45 of 2nd period - Danny DeKeiser is hit by Stanislav Chistov and loses puck.
16:58 of 2nd period - Sergei Kostitsyn is hit by Robert Klinkhammer and loses puck.
17:32 of 2nd period - Tom Kuhnhackl is hit by Stanislav Chistov and loses puck.
17:41 of 2nd period - Snap shot by Vernon Fiddler.
17:41 of 2nd period - Shot Misses the Net.
17:59 of 2nd period - Slapshot by Sergei Kostitsyn.
17:59 of 2nd period - Goal by Sergei Kostitsyn - Senators : 2 - Little Stars : 5.
18:00 of 2nd period - Marcus Kruger wins face-off versus Cody Hodgson in neutral zone.
18:25 of 2nd period - Justin Faulk is hit by Logan Stephenson.
18:29 of 2nd period - Shane Sims is hit by Raphael Diaz and loses puck.
19:06 of 2nd period - Off-side.
19:07 of 2nd period - Cody Hodgson wins face-off versus Marcus Kruger in neutral zone.
19:11 of 2nd period - Minor Penalty to Conor Allen for High sticking.
19:12 of 2nd period - Sean Avery wins face-off versus Cody Hodgson in Little Stars zone.
19:22 of 2nd period - Snap shot by Steven Goertzen.
19:22 of 2nd period - Shot Hit the Post.
19:24 of 2nd period - Backhand shot by Erik Karlsson.
19:24 of 2nd period - Shot Blocked by Sean Avery.
19:26 of 2nd period - Slapshot by Brett Sterling.
19:26 of 2nd period - Shot Misses the Net.
19:28 of 2nd period - Wrist shot by Erik Karlsson.
19:28 of 2nd period - Shot Blocked by Sean Avery.
Goals for this period are 1 for Senators vs 1 for Little Stars.
Shots for this period are 8 for Senators vs 13 for Little Stars.
3rd period
0:01 of 3rd period - Vernon Fiddler wins face-off versus Sean Avery in neutral zone.
0:12 of 3rd period - Wrist shot by Vernon Fiddler.
0:12 of 3rd period - Shot Misses the Net.
0:34 of 3rd period - Wrist shot by Steven Goertzen.
0:34 of 3rd period - Goal by Steven Goertzen - Senators : 3 - Little Stars : 5.
0:35 of 3rd period - Marcus Kruger wins face-off versus Cody Hodgson in neutral zone.
1:01 of 3rd period - Raphael Diaz is hit by Milan Jurcina and loses puck.
1:25 of 3rd period - Wrist shot by Erik Haula.
1:25 of 3rd period - Stopped by Alexander Salak with a rebound.
1:27 of 3rd period - Snap shot by Jesse Joensuu.
1:27 of 3rd period - Shot Misses the Net.
1:39 of 3rd period - Jack Skille is hit by Sean Avery and loses puck.
2:31 of 3rd period - Wrist shot by Vernon Fiddler.
2:31 of 3rd period - Deflect By Stanislav Chistov.
2:31 of 3rd period - Shot Blocked by Conor Allen.
2:31 of 3rd period - Puck is out of play.
2:32 of 3rd period - Cody Hodgson wins face-off versus Marcus Kruger in Little Stars zone.
2:45 of 3rd period - Cody Hodgson is hit by Anthony Stewart and loses puck.
2:58 of 3rd period - Cody Hodgson is hit by Alex Chiasson and loses puck.
3:48 of 3rd period - Vernon Fiddler is hit by Raphael Diaz and loses puck.
4:05 of 3rd period - Snap shot by Jack Skille.
4:05 of 3rd period - Stopped by Erik Ersberg with a rebound.
4:21 of 3rd period - Conor Allen is hit by Matt Frattin.
4:27 of 3rd period - Danny DeKeiser is hit by Matt Frattin and loses puck.
5:07 of 3rd period - Jack Skille is hit by Jesse Joensuu and loses puck.
5:16 of 3rd period - Slapshot by Jesse Joensuu.
5:16 of 3rd period - Stopped by Alexander Salak with a rebound.
5:41 of 3rd period - Jesse Joensuu is hit by Erik Karlsson and loses puck.
5:50 of 3rd period - Snap shot by Alex Chiasson.
5:50 of 3rd period - Stopped by Alexander Salak without a rebound.
5:51 of 3rd period - Vernon Fiddler wins face-off versus Marcus Kruger in Senators zone.
6:04 of 3rd period - Wrist shot by Stanislav Chistov.
6:04 of 3rd period - Shot Misses the Net.
6:06 of 3rd period - Slapshot by Erik Karlsson.
6:06 of 3rd period - Deflect By Vernon Fiddler.
6:06 of 3rd period - Stopped by Erik Ersberg with a rebound.
6:18 of 3rd period - Steven Goertzen is hit by Cody Bass.
6:21 of 3rd period - Off-side.
6:22 of 3rd period - Cody Bass wins face-off versus Cody Hodgson in neutral zone.
6:50 of 3rd period - Slapshot by Marcus Johansson.
6:50 of 3rd period - Shot Misses the Net.
6:52 of 3rd period - Snap shot by Marcus Johansson.
6:52 of 3rd period - Shot Blocked by Brett Sterling.
6:54 of 3rd period - Slapshot by Marcus Johansson.
6:54 of 3rd period - Stopped by Alexander Salak with a rebound.
6:56 of 3rd period - Snap shot by Marcus Johansson.
6:56 of 3rd period - Stopped by Alexander Salak with a rebound.
7:25 of 3rd period - Wrist shot by Marcus Johansson.
7:25 of 3rd period - Stopped by Alexander Salak without a rebound.
7:26 of 3rd period - Marcus Kruger wins face-off versus Vernon Fiddler in Senators zone.
7:27 of 3rd period - Slapshot by Sean Avery.
7:27 of 3rd period - Shot Misses the Net.
7:57 of 3rd period - Snap shot by Marcus Kruger.
7:57 of 3rd period - Shot Misses the Net.
7:59 of 3rd period - Wrist shot by Sean Avery.
7:59 of 3rd period - Stopped by Alexander Salak with a rebound.
8:01 of 3rd period - Slapshot by Jared Spurgeon.
8:01 of 3rd period - Shot Blocked by Logan Stephenson.
8:03 of 3rd period - Slapshot by Jared Spurgeon.
8:03 of 3rd period - Shot Blocked by Shane Sims.
8:05 of 3rd period - Wrist shot by Marcus Kruger.
8:05 of 3rd period - Shot Misses the Net.
8:13 of 3rd period - Snap shot by Marcus Kruger.
8:13 of 3rd period - Stopped by Alexander Salak without a rebound.
8:14 of 3rd period - Vernon Fiddler wins face-off versus Erik Haula in Senators zone.
8:14 of 3rd period - Vernon Fiddler is hit by Alex Chiasson.
8:20 of 3rd period - Backhand shot by Jesse Joensuu.
8:20 of 3rd period - Shot Misses the Net.
8:22 of 3rd period - Snap shot by Erik Haula.
8:22 of 3rd period - Shot Misses the Net.
8:24 of 3rd period - Slapshot by Erik Haula.
8:24 of 3rd period - Goal by Erik Haula - Senators : 3 - Little Stars : 6.
8:25 of 3rd period - Vernon Fiddler wins face-off versus Marcus Kruger in neutral zone.
9:11 of 3rd period - Minor Penalty to Mark Olver for Tripping.
9:12 of 3rd period - Marcus Kruger wins face-off versus Vernon Fiddler in Senators zone.
9:21 of 3rd period - Wrist shot by Marcus Kruger.
9:21 of 3rd period - Stopped by Alexander Salak with a rebound.
9:23 of 3rd period - Wrist shot by Sean Avery.
9:23 of 3rd period - Shot Blocked by Shane Sims.
9:25 of 3rd period - Wrist shot by Marcus Kruger.
9:25 of 3rd period - Shot Misses the Net.
9:27 of 3rd period - Slapshot by Raphael Diaz.
9:27 of 3rd period - Stopped by Alexander Salak without a rebound.
9:28 of 3rd period - Vernon Fiddler wins face-off versus Marcus Kruger in Senators zone.
10:49 of 3rd period - Marcus Johansson is hit by Brett Sterling and loses puck.
11:01 of 3rd period - Slapshot by Justin Faulk.
11:01 of 3rd period - Goal by Justin Faulk - Senators : 3 - Little Stars : 7.
11:02 of 3rd period - Marcus Kruger wins face-off versus Vernon Fiddler in neutral zone.
11:17 of 3rd period - Slapshot by Raphael Diaz.
11:17 of 3rd period - Deflect By Marcus Kruger.
11:17 of 3rd period - Stopped by Alexander Salak with a rebound.
11:49 of 3rd period - Minor Penalty to Logan Stephenson for Hooking.
11:50 of 3rd period - Marcus Kruger wins face-off versus Vernon Fiddler in Senators zone.
12:01 of 3rd period - Snap shot by Marcus Kruger.
12:01 of 3rd period - Goal by Marcus Kruger - Senators : 3 - Little Stars : 8.
12:02 of 3rd period - Stanislav Chistov wins face-off versus Marcus Kruger in neutral zone.
12:40 of 3rd period - Wrist shot by Marcus Johansson.
12:40 of 3rd period - Shot Misses the Net.
12:54 of 3rd period - Snap shot by Jesse Joensuu.
12:54 of 3rd period - Shot Misses the Net.
12:56 of 3rd period - Slapshot by Danny DeKeiser.
12:56 of 3rd period - Deflect By Jesse Joensuu.
12:56 of 3rd period - Shot Hit the Post.
12:56 of 3rd period - Puck is out of play.
12:57 of 3rd period - Vernon Fiddler wins face-off versus Marcus Kruger in Senators zone.
13:02 of 3rd period - Slapshot by Shane Sims.
13:02 of 3rd period - Stopped by Erik Ersberg without a rebound.
13:03 of 3rd period - Vernon Fiddler wins face-off versus Marcus Kruger in Little Stars zone.
13:07 of 3rd period - Minor Penalty to Danny DeKeiser for Roughing.
13:08 of 3rd period - Vernon Fiddler wins face-off versus Sean Avery in Little Stars zone.
15:07 of 3rd period - Penalty to Danny DeKeiser is over, Danny DeKeiser is back on ice.
15:08 of 3rd period - Stanislav Chistov is hit by Hugh Jessiman and loses puck.
15:42 of 3rd period - Icing by Alex Chiasson.
15:43 of 3rd period - Erik Haula wins face-off versus Nick Bjugstad in Little Stars zone.
15:49 of 3rd period - Minor Penalty to Justin Faulk for Tripping.
15:50 of 3rd period - Vernon Fiddler wins face-off versus Sean Avery in Little Stars zone.
15:54 of 3rd period - Wrist shot by Vernon Fiddler.
15:54 of 3rd period - Deflect By Anthony Stewart.
15:54 of 3rd period - Stopped by Erik Ersberg without a rebound.
15:55 of 3rd period - Vernon Fiddler wins face-off versus Sean Avery in Little Stars zone.
16:02 of 3rd period - Snap shot by Sergei Kostitsyn.
16:02 of 3rd period - Shot Blocked by Anthony Stewart.
16:20 of 3rd period - Snap shot by Sergei Kostitsyn.
16:20 of 3rd period - Stopped by Erik Ersberg with a rebound.
17:49 of 3rd period - Penalty to Justin Faulk is over, Justin Faulk is back on ice.
17:58 of 3rd period - Snap shot by Brett Sterling.
17:58 of 3rd period - Stopped by Erik Ersberg with a rebound.
18:00 of 3rd period - Slapshot by Erik Karlsson.
18:00 of 3rd period - Deflect By Jared Spurgeon.
18:00 of 3rd period - Stopped by Erik Ersberg without a rebound.
18:01 of 3rd period - Cody Bass wins face-off versus Vernon Fiddler in Little Stars zone.
19:50 of 3rd period - Jesse Joensuu is hit by Shane Sims and loses puck.
19:57 of 3rd period - Wrist shot by Alex Chiasson.
19:57 of 3rd period - Deflect By Jesse Joensuu.
19:57 of 3rd period - Stopped by Alexander Salak with a rebound.
19:59 of 3rd period - Wrist shot by Alex Chiasson.
19:59 of 3rd period - Stopped by Alexander Salak without a rebound.
Goals for this period are 1 for Senators vs 3 for Little Stars.
Shots for this period are 8 for Senators vs 16 for Little Stars.
Back to the Top